[Event "Thursday 11 January Rapid Engine Tour 12+1 Rounds 9 Starts 1600 ST"]
[Site "Infinity Chess"]
[Date "2018.1.11"]
[Round "7"]
[White "Klaus"]
[Black "CrapCleaner"]
[Result "1-0"]
[ECO "C55"]
[WhiteElo "2421"]
[BlackElo "2425"]
[WhiteEngine "asmFishW_2017-11-19_bmi2_CTG"]
[BlackEngine "asmFishW_2018-01-10_bmi2_CTG"]
[EventType "Swiss"]
[WhiteTeam ""]
[BlackTeam ""]
[PlyCount "152"]
[TimeControl "720+1"]

1. e4 e5 2. Nf3 Nc6 3. Bc4 Nf6 4. d3 Bc5 5. O-O d6 6. c3 O-O 7. Nbd2 a5 
8. Re1 h6 9. h3 Be6 10. a4 Re8 11. Bb5 Nd7 12. Nf1 d5 13. Ne3 dxe4 14. dxe4 Na7 
15. Bd3 Nc8 16. Ng4 Bd6 17. Bc2 Qe7 18. b3 Ncb6 19. Be3 Rad8 20. Qe2 f6 
21. Nh4 Qf7 22. Rab1 Bf8 23. Rf1 h5 24. Nh2 Bc5 25. Bd2 Nc8 26. Kh1 Bd6 
27. Rg1 Ne7 28. Nf5 b6 29. g4 hxg4 30. hxg4 Ng6 31. g5 Bxf5 32. exf5 Nf4 
33. Qf3 Qd5 34. Bxf4 Qxf3+ 35. Nxf3 exf4 36. b4 axb4 37. cxb4 Kf8 38. gxf6 Nxf6 
39. Ng5 Ke7 40. Kg2 Rb8 41. Bb3 Kd7 42. Kf3 Rh8 43. Rbc1 Rh2 44. Bc4 Rbh8 
45. a5 Kc8 46. Bf1 bxa5 47. Nf7 Bxb4 48. Nxh8 Rxh8 49. Rxg7 Bd6 50. Rb1 Bb4 
51. Rc1 Bd6 52. Rc6 a4 53. Ra6 Rh7 54. Rxh7 Nxh7 55. Ra8+ Kd7 56. Rh8 Nf6 
57. Bb5+ Ke7 58. Bxa4 Be5 59. Rh1 Kf8 60. Re1 Bd6 61. Rg1 Bc5 62. Rg2 Bd6 
63. Bb3 Be5 64. Rg6 Ke7 65. Rg7+ Kd6 66. Rg1 Kc5 67. Rc1+ Kd4 68. Rc4+ Kd3 
69. Ra4 Kc3 70. Bf7 Bd6 71. Be6 Be5 72. Ke2 Bd6 73. Rc4+ Kb2 74. Kf3 c5 
75. Ke2 Ng4 76. Ra4 Kc3 1-0

[Event "Thursday 11 January Rapid Engine Tour 12+1 Rounds 9 Starts 1600 ST"]
[Site "Infinity Chess"]
[Date "2018.1.11"]
[Round "7"]
[White "KULLANI"]
[Black "Prometheus"]
[Result "1/2-1/2"]
[ECO "C50"]
[WhiteElo "2422"]
[BlackElo "2430"]
[WhiteEngine "BrainFish_180106_x64_CTG"]
[BlackEngine "Eman 1.58-64bit-IDeA"]
[EventType "Swiss"]
[WhiteTeam ""]
[BlackTeam ""]
[PlyCount "147"]
[TimeControl "720+1"]

1. e4 e5 2. Nf3 Nc6 3. Bc4 Bc5 4. O-O Nf6 5. d3 d6 6. c3 h6 7. b4 Bb6 8. a4 a5 
9. b5 Ne7 10. Nbd2 Ng6 11. Re1 O-O 12. d4 Re8 13. Qb3 Be6 14. Bxe6 Rxe6 
15. d5 Re8 16. h3 Bc5 17. Qc2 c6 18. dxc6 bxc6 19. Nb3 Bb6 20. c4 cxb5 
21. axb5 a4 22. Nbd2 Qc7 23. Nf1 Nf4 24. Be3 a3 25. Bxb6 Qxb6 26. Ne3 Re7 
27. Red1 g6 28. Ra2 Rea7 29. Nd2 h5 30. Nb1 Kg7 31. Nc3 h4 32. Qd2 Qa5 
33. Kh2 Qb4 34. f3 Ra5 35. Rc2 N6h5 36. Na2 Qc5 37. Rc3 Ng3 38. Qxd6 Qxd6 
39. Rxd6 Nge2 40. Rc2 Nd4 41. Rd2 Rc8 42. Rd7 Raa8 43. Rd1 Re8 44. Rb1 Reb8 
45. Ng4 Rd8 46. Rxd8 Rxd8 47. Nc3 Nd3 48. Ra1 Ra8 49. b6 Nc6 50. Rd1 Nc5 
51. Na2 f5 52. Rd5 fxg4 53. Rxc5 g3+ 54. Kg1 Nd4 55. Rd5 Kf7 56. Kf1 Ke6 
57. f4 Nc6 58. c5 Rd8 59. Nb4 a2 60. Nxa2 Rxd5 61. exd5+ Kxd5 62. b7 Kxc5 
63. Ke2 exf4 64. Nc1 Kb6 65. Kf3 g5 66. Kg4 Kxb7 67. Ne2 Ne5+ 68. Kxg5 f3 
69. gxf3 Nxf3+ 70. Kg4 Ne5+ 71. Kxh4 g2 72. Kg3 Kc8 73. Kf4 Nc6 74. Kg3 1/2-1/2

[Event "Thursday 11 January Rapid Engine Tour 12+1 Rounds 9 Starts 1600 ST"]
[Site "Infinity Chess"]
[Date "2018.1.11"]
[Round "7"]
[White "hafaba"]
[Black "Marsell"]
[Result "1/2-1/2 "]
[ECO "A06"]
[WhiteElo "2441"]
[BlackElo "2478"]
[WhiteEngine "Stockfish SL 07012018 POPCNT_CTG"]
[BlackEngine "asmFishW_2018-01-11_popcnt"]
[EventType "Swiss"]
[WhiteTeam ""]
[BlackTeam ""]
[PlyCount "138"]
[TimeControl "720+1"]

1. Nf3 d5 2. d4 Nf6 3. c4 e6 4. Nc3 c6 5. Bg5 h6 6. Bxf6 Qxf6 7. e3 Nd7 
8. Bd3 dxc4 9. Bxc4 g6 10. O-O Bg7 11. e4 e5 12. d5 Nb6 13. Bb3 Bg4 14. Rc1 O-O 
15. Qe2 Rfb8 16. dxc6 bxc6 17. Nd1 a5 18. Ne3 Bxf3 19. Qxf3 Qxf3 20. gxf3 a4 
21. Bd1 Rc8 22. Be2 h5 23. Rc2 Bf8 24. Kg2 Kg7 25. Rfc1 c5 26. Rd1 Rab8 
27. Ba6 Rc7 28. Nc4 Nxc4 29. Bxc4 Be7 30. Rd5 Bf6 31. b3 axb3 32. Bxb3 Rb5 
33. Kh1 Kh7 34. Kg2 Kh6 35. Rc4 Kg7 36. Kg3 Be7 37. f4 exf4+ 38. Kxf4 Ra7 
39. Ke3 Rb4 40. f4 Rxc4 41. Bxc4 Ra3+ 42. Rd3 Ra4 43. Bb3 Rb4 44. Rc3 g5 
45. h3 gxf4+ 46. Kxf4 Kf6 47. Rc4 Bd6+ 48. Ke3 h4 49. Rxb4 cxb4 50. Bd5 Be5 
51. Kd3 Bc7 52. Bb3 Bg3 53. Kc2 Bd6 54. Kd3 Bh2 55. Bd5 Bd6 56. Kc4 Ke5 
57. Bxf7 Kxe4 58. Bd5+ Ke5 59. Bf3 Kf5 60. Kd5 Kf4 61. Bg4 Be7 62. Bd7 Bf6 
63. Kc4 Be7 64. Bg4 Bd6 65. Kb5 Kg3 66. Kc6 Bf4 67. Be6 Bd2 68. Kc5 Be1 
69. Bg4 Bc3 1/2-1/2

[Event "Thursday 11 January Rapid Engine Tour 12+1 Rounds 9 Starts 1600 ST"]
[Site "Infinity Chess"]
[Date "2018.1.11"]
[Round "7"]
[White "Dovahkiin"]
[Black "MGR"]
[Result "1/2-1/2 "]
[ECO ""]
[WhiteElo "2439"]
[BlackElo "2486"]
[WhiteEngine "BrainFish_180106_x64_modern_CTG"]
[BlackEngine "asmFishW_2017-11-19_bmi2"]
[EventType "Swiss"]
[WhiteTeam ""]
[BlackTeam ""]
[PlyCount "211"]
[TimeControl "720+1"]

1. e3 Nf6 2. d3 c5 3. d4 g6 4. Nf3 Bg7 5. Be2 O-O 6. O-O d5 7. dxc5 Ne4 
8. Nc3 Bxc3 9. bxc3 Nxc3 10. Qe1 Nxe2+ 11. Qxe2 Qc7 12. c4 Qxc5 13. cxd5 Qxd5 
14. e4 Qh5 15. Rb1 b6 16. Qe3 Qc5 17. Qxc5 bxc5 18. Ba3 Na6 19. Rb5 Rd8 
20. h3 Be6 21. Ra5 Rd6 22. Bc1 Bc4 23. Re1 Nb4 24. Bf4 Re6 25. Rc1 Rxe4 
26. Be3 Nxa2 27. Ra1 Bd5 28. Bxc5 Nc3 29. Rxa7 Rxa7 30. Rxa7 Kf8 31. Kh2 f6 
32. Nd4 Bf7 33. f3 Re5 34. Bb4 Nd5 35. Bd2 Be8 36. Rb7 h5 37. h4 Ba4 38. Kg3 Ne3 
39. Bb4 Nc2 40. Nxc2 Bxc2 41. Kf4 Ba4 42. Ra7 Bc6 43. Rc7 Ba4 44. Ba3 Kf7 
45. Ra7 Bc6 46. Rc7 Ba4 47. Ra7 Bb5 48. Bd6 Re2 49. Ba3 Re5 50. Bd6 Re6 
51. Ba3 Bc6 52. Rc7 Bd5 53. Rd7 Re5 54. Ra7 Bb3 55. Bb4 Bc4 56. Bd6 Re2 
57. Ba3 Bd5 58. Rd7 Bc6 59. Rc7 Bd5 60. Rd7 Re5 61. Ra7 Bc6 62. Rc7 Bb5 
63. Ra7 Rf5+ 64. Kg3 Re5 65. Rc7 Re2 66. Bb4 Ke8 67. Ra7 Bc6 68. Ra6 Rc2 
69. Ra7 Bd7 70. Ra8+ Rc8 71. Rxc8+ Bxc8 72. f4 Bb7 73. Bc3 Kf7 74. Bb2 Ke6 
75. Ba3 Kd7 76. Bb2 Kd6 77. Ba3+ Kd7 78. Bb2 Ke6 79. Ba3 Kf7 80. Bb2 Be4 
81. Bc3 Ke6 82. Bb4 Kf7 83. Bc3 Ke6 84. Bb4 Kd7 85. Bc3 Kd6 86. Bb4+ Ke6 
87. Ba3 Kf7 88. Bb2 Ke6 89. Ba3 Kd7 90. Bb2 Kd6 91. Ba3+ Kd7 92. Bb2 Kc7 
93. Ba3 Kd8 94. Bb2 Kc7 95. Ba3 Kd8 96. Bb2 Kd7 97. Bc3 Kc6 98. Bb4 e6 
99. Bc3 f5 100. Bb2 Kd5 101. Kf2 Kc4 102. g3 Kd3 103. Bc1 Bd5 104. Bb2 Ke4 
105. Be5 Bb3 106. Bc3 1/2-1/2

[Event "Thursday 11 January Rapid Engine Tour 12+1 Rounds 9 Starts 1600 ST"]
[Site "Infinity Chess"]
[Date "2018.1.11"]
[Round "7"]
[White "xeonrocks"]
[Black "Gilgamesch"]
[Result "1/2-1/2"]
[ECO "C50"]
[WhiteElo "2519"]
[BlackElo "2504"]
[WhiteEngine "asmFishW_CTG"]
[BlackEngine "BrainFish_171005_x64_bmi2"]
[EventType "Swiss"]
[WhiteTeam ""]
[BlackTeam ""]
[PlyCount "83"]
[TimeControl "720+1"]

1. e4 e5 2. Nf3 Nc6 3. Bc4 Bc5 4. O-O Nf6 5. d3 d6 6. c3 O-O 7. h3 a5 
8. Nbd2 Ba7 9. Bb5 Be6 10. Re1 Ne7 11. d4 Ng6 12. Ba4 Nh5 13. Nf1 exd4 
14. Nxd4 Nhf4 15. Ng3 Bxd4 16. cxd4 d5 17. Qf3 Qh4 18. Bc2 c6 19. Bxf4 Qxf4 
20. Qxf4 Nxf4 21. e5 f6 22. Ne2 fxe5 23. Nxf4 Rxf4 24. Rxe5 Bf7 25. Rd1 Re8 
26. Rxe8+ Bxe8 27. g3 Rf6 28. Re1 Kf7 29. a3 g6 30. Kg2 Re6 31. Rxe6 Kxe6 
32. b4 axb4 33. axb4 Kd6 34. Kf3 b6 35. g4 c5 36. bxc5+ bxc5 37. dxc5+ Kxc5 
38. h4 d4 39. Be4 Kc4 40. h5 gxh5 41. Bxh7 hxg4+ 42. Kxg4 1/2-1/2

[Event "Thursday 11 January Rapid Engine Tour 12+1 Rounds 9 Starts 1600 ST"]
[Site "Infinity Chess"]
[Date "2018.1.11"]
[Round "7"]
[White "Harry_Potter"]
[Black "Vimtiroba"]
[Result "1/2-1/2"]
[ECO "C65"]
[WhiteElo "2522"]
[BlackElo "2465"]
[WhiteEngine "asmFishW_2018-01-11_bmi2_CTG"]
[BlackEngine "AsmFish@J10V2_CTG"]
[EventType "Swiss"]
[WhiteTeam ""]
[BlackTeam ""]
[PlyCount "91"]
[TimeControl "720+1"]

1. e4 e5 2. Nf3 Nc6 3. Bb5 Nf6 4. d3 Bc5 5. c3 O-O 6. O-O d6 7. h3 a6 8. Ba4 Re8 
9. Re1 b5 10. Bc2 h6 11. Nbd2 Bb6 12. a4 b4 13. Nc4 Ba7 14. a5 Rb8 15. Be3 Bxe3 
16. Nxe3 Bd7 17. Qd2 bxc3 18. bxc3 Rb5 19. c4 Rb7 20. Nd5 Nh7 21. Ba4 Nb8 
22. Qc2 Nf8 23. d4 Ne6 24. c5 Bxa4 25. Qxa4 c6 26. Nb6 exd4 27. Nxd4 Nxc5 
28. Qc2 g6 29. Rad1 Rbe7 30. f3 Qc7 31. Qd2 Nbd7 32. Qxh6 Nxb6 33. axb6 Qxb6 
34. Rb1 Qc7 35. Nf5 gxf5 36. Qg5+ Kh7 37. Qh4+ Kg8 38. Qg5+ Kh7 39. Qxf5+ Kg7 
40. Qg5+ Kh8 41. Qh5+ Kg7 42. Qg5+ Kh8 43. Qh6+ Kg8 44. Qg5+ Kh7 45. Qh4+ Kg7 
46. Qg5+ 1/2-1/2

[Event "Thursday 11 January Rapid Engine Tour 12+1 Rounds 9 Starts 1600 ST"]
[Site "Infinity Chess"]
[Date "2018.1.11"]
[Round "7"]
[White "Susanne"]
[Black "Wolle"]
[Result "1/2-1/2"]
[ECO "C50"]
[WhiteElo "2487"]
[BlackElo "2470"]
[WhiteEngine "asmFishW_20_bmi2_CTG"]
[BlackEngine "Raubfisch X37a2_CTG"]
[EventType "Swiss"]
[WhiteTeam ""]
[BlackTeam ""]
[PlyCount "126"]
[TimeControl "720+1"]

1. e4 e5 2. Nf3 Nc6 3. Bc4 Bc5 4. O-O Nf6 5. d3 d6 6. c3 a5 7. Bg5 Ba7 8. Bh4 h6 
9. Na3 O-O 10. Re1 g5 11. Bg3 Rb8 12. Nb5 Bb6 13. Bb3 Bg4 14. h3 Bh5 15. Na3 Ba7 
16. Nc2 b5 17. Ne3 Bxe3 18. fxe3 a4 19. Bc2 Qe7 20. Qe2 d5 21. exd5 Nxd5 
22. Rac1 f6 23. Qf2 Rbd8 24. e4 Bxf3 25. Qxf3 Nf4 26. Kh1 Kh8 27. Red1 Rg8 
28. Qf2 Na5 29. d4 Ra8 30. b3 axb3 31. axb3 Nb7 32. Qf1 Nd6 33. Ra1 Qd7 
34. Kh2 Qg7 35. Qf3 Qg6 36. Qe3 h5 37. Kh1 Rge8 38. Bh2 Kg7 39. Rac1 h4 
40. c4 bxc4 41. dxe5 fxe5 42. bxc4 Re7 43. Rf1 Rf8 44. Qc3 Qe6 45. Bxf4 gxf4 
46. Qe1 Qf6 47. Bd1 Rh8 48. Bf3 Rb8 49. Qd1 Nf7 50. Bg4 Ng5 51. Rb1 Rh8 
52. Qd3 Ne6 53. Ra1 Nd4 54. Ra5 Qb6 55. Qa3 Qd6 56. Qc3 Rb8 57. Qe1 Qf6 
58. Qf2 c6 59. Rd1 Rf7 60. Bh5 Rd7 61. Bg4 Rf7 62. Bh5 Rd7 63. Bg4 Rf7 1/2-1/2

[Event "Thursday 11 January Rapid Engine Tour 12+1 Rounds 9 Starts 1600 ST"]
[Site "Infinity Chess"]
[Date "2018.1.11"]
[Round "6"]
[White "Zor"]
[Black "MedusaV2"]
[Result "1/2-1/2"]
[ECO "A40"]
[WhiteElo "2443"]
[BlackElo "2407"]
[WhiteEngine "Cryptic Heroes AI V4"]
[BlackEngine "corchess_1.8.1_x64"]
[EventType "Swiss"]
[WhiteTeam ""]
[BlackTeam ""]
[PlyCount "89"]
[TimeControl "720+1"]

1. d4 e6 2. e4 d5 3. Nd2 c5 4. Ngf3 Nf6 5. e5 Nfd7 6. c3 Nc6 7. Bd3 Qb6 
8. O-O cxd4 9. cxd4 a5 10. Re1 Be7 11. h3 h6 12. a3 Nxd4 13. Nxd4 Qxd4 
14. Nf3 Qa7 15. Be3 b6 16. Rc1 Nc5 17. Nd4 Bd7 18. Nb5 Qb8 19. b4 axb4 
20. axb4 Nxd3 21. Nc7+ Kf8 22. Nxa8 Nxc1 23. Nxb6 Bb5 24. Qxc1 Kg8 25. Bd4 Bxb4 
26. Re3 Be8 27. Qc2 Qb7 28. Rb3 Ba5 29. Nc8 Ba4 30. Rxb7 Bxc2 31. Nd6 Kh7 
32. Nxf7 Rc8 33. Nd6 Rc7 34. g4 h5 35. Rxc7 Bxc7 36. f3 hxg4 37. hxg4 Bd1 
38. Nf7 Kg6 39. Nh8+ Kh7 40. Nf7 Ba5 41. Kg2 Kg6 42. Nh8+ Kh7 43. Nf7 Kg6 
44. Nh8+ Kh7 45. Nf7 1/2-1/2

[Event "Thursday 11 January Rapid Engine Tour 12+1 Rounds 9 Starts 1600 ST"]
[Site "Infinity Chess"]
[Date "2018.1.11"]
[Round "6"]
[White "Syed_Ali"]
[Black "Thinker"]
[Result "0-1"]
[ECO "C77"]
[WhiteElo "2458"]
[BlackElo "2438"]
[WhiteEngine "stockfish_17111816_x64_bmi2"]
[BlackEngine "BrainFish_180106_x64_modern_CTG"]
[EventType "Swiss"]
[WhiteTeam ""]
[BlackTeam ""]
[PlyCount "196"]
[TimeControl "720+1"]

1. e4 e5 2. Nf3 Nc6 3. Bb5 a6 4. Ba4 Nf6 5. O-O Be7 6. Bxc6 dxc6 7. Re1 Nd7 
8. h3 g5 9. d4 exd4 10. Qxd4 Rg8 11. Nbd2 h5 12. Nf1 g4 13. hxg4 hxg4 
14. N3d2 Nc5 15. Qc3 Na4 16. Qe3 Be6 17. Ng3 Bb4 18. Qf4 Nb6 19. a3 Be7 
20. Nf5 Qd7 21. Nxe7 Qxe7 22. Nf1 O-O-O 23. b3 f6 24. Bb2 Nd7 25. a4 a5 
26. Rad1 b6 27. Ne3 Rde8 28. Kf1 Qh7 29. Bd4 Rg5 30. Bxf6 Rh5 31. Ke2 Rf8 
32. Rxd7 Qxd7 33. e5 Kb7 34. Qe4 Rh2 35. Ra1 Qf7 36. Kd2 Rh6 37. Qd4 Qg6 
38. Qd3 Qf7 39. Qd4 Qg6 40. Qd3 Rxf6 41. exf6 Qxf6 42. Rd1 Rh8 43. Kc1 Qa1+ 
44. Kd2 Qf6 45. Kc1 Re8 46. Qd4 Qxf2 47. Nxg4 Qxg2 48. Nf2 Bf5 49. Kb2 Re2 
50. Rd2 c5 51. Qf4 Rxd2 52. Qxd2 Qg7+ 53. c3 Qe5 54. Ka3 c4 55. bxc4 Qd6+ 
56. Qxd6 cxd6 57. Nd1 Kc6 58. Kb3 Kc5 59. Nb2 Be4 60. Ka2 Bc2 61. Ka3 Bf5 
62. Ka2 Bg4 63. Kb3 Be2 64. Kc2 Bxc4 65. Kd2 Be6 66. Kc2 Bf5+ 67. Kb3 d5 
68. Nd1 Kd6 69. Kb2 Bd7 70. Kb3 Ke5 71. Ne3 Bf5 72. Kb2 Ke4 73. Ng2 Kf3 
74. Nh4+ Kf4 75. Ng2+ Ke4 76. Ne1 Ke3 77. Ng2+ Kf3 78. Nh4+ Kg4 79. Ng2 Be4 
80. Ne3+ Kf4 81. Nf1 Bf5 82. Kc1 Bd7 83. c4 d4 84. Kc2 Bxa4+ 85. Kd3 Ke5 
86. Nh2 Bd1 87. Kd2 Bh5 88. Nf1 a4 89. Kc1 Kf4 90. Kd2 Bg6 91. Kd1 Bd3 
92. Nd2 Ke3 93. Ke1 a3 94. Nb3 Be2 95. c5 a2 96. cxb6 d3 97. b7 a1=Q+ 
98. Nxa1 d2# 0-1

[Event "Thursday 11 January Rapid Engine Tour 12+1 Rounds 9 Starts 1600 ST"]
[Site "Infinity Chess"]
[Date "2018.1.11"]
[Round "6"]
[White "Satria_Ungu"]
[Black "miguello"]
[Result "1/2-1/2"]
[ECO "A05"]
[WhiteElo "2385"]
[BlackElo "2404"]
[WhiteEngine "Houdini 6"]
[BlackEngine "asmFishW_2017-11-19_popcnt_CTG"]
[EventType "Swiss"]
[WhiteTeam ""]
[BlackTeam ""]
[PlyCount "120"]
[TimeControl "720+1"]

1. Nf3 Nf6 2. d4 d5 3. e3 c5 4. c4 e6 5. a3 a6 6. dxc5 Bxc5 7. b4 Be7 8. Bb2 O-O 
9. Nbd2 b6 10. cxd5 Nxd5 11. Be2 Bb7 12. O-O a5 13. bxa5 Rxa5 14. Nc4 Rc5 
15. Bd4 Rc8 16. Qb1 Ba6 17. Rc1 b5 18. Nce5 Rxc1+ 19. Qxc1 Qc8 20. Qd2 b4 
21. e4 Nc3 22. Bxa6 Qxa6 23. Bxc3 bxc3 24. Qxc3 Rc8 25. Qe1 f6 26. Ng4 Nd7 
27. Ne3 Qa4 28. Qd2 Rd8 29. Qd4 Ra8 30. Qc4 Qxc4 31. Nxc4 Ra4 32. Nfd2 e5 
33. g3 Nf8 34. Kf1 Ne6 35. Ke2 g5 36. Ne3 Rxa3 37. Rxa3 Bxa3 38. Nf5 Kf7 
39. f3 Bb4 40. Nc4 Kg6 41. Nb6 Bc5 42. Nd7 Kf7 43. Nh6+ Kg7 44. Nxc5 Nxc5 
45. Nf5+ Kf7 46. h3 h5 47. Ke3 Kg6 48. Nd6 Ne6 49. Nf5 Kf7 50. Kf2 Nc5 
51. Ke3 Ne6 52. Kd2 Kg6 53. Kc3 Nc5 54. h4 Ne6 55. Kd3 gxh4 56. gxh4 Nf4+ 
57. Kc3 Ne2+ 58. Kd3 Nf4+ 59. Kc3 Ne2+ 60. Kd3 Nf4+ 1/2-1/2

[Event "Thursday 11 January Rapid Engine Tour 12+1 Rounds 9 Starts 1600 ST"]
[Site "Infinity Chess"]
[Date "2018.1.11"]
[Round "6"]
[White "CrossingJordan"]
[Black "SkyPilot"]
[Result "1/2-1/2"]
[ECO "C55"]
[WhiteElo "2405"]
[BlackElo "2439"]
[WhiteEngine "asmFishW_2017-12-20_bmi2_CTG"]
[BlackEngine "stockfish_x64_bmi2_2018_01_01_CTG"]
[EventType "Swiss"]
[WhiteTeam ""]
[BlackTeam ""]
[PlyCount "188"]
[TimeControl "720+1"]

1. e4 e5 2. Nf3 Nc6 3. Bc4 Nf6 4. d3 Bc5 5. O-O d6 6. c3 O-O 7. Re1 Bb6 8. h3 h6 
9. a4 a6 10. b4 Ne7 11. Nbd2 Ng6 12. a5 Ba7 13. Nf1 Nh5 14. d4 Qf6 15. Be3 Nhf4 
16. Ng3 Be6 17. Bd3 Nxd3 18. Qxd3 Rfe8 19. Qd2 Qd8 20. Rad1 Bb3 21. Rb1 Be6 
22. Ra1 Qe7 23. Rad1 Rad8 24. Qc2 Bc8 25. Qd2 Qf8 26. c4 f6 27. d5 Bxe3 
28. fxe3 Bd7 29. Ra1 Kh7 30. Rec1 Nh8 31. b5 Nf7 32. Rcb1 Ra8 33. Qf2 Rec8 
34. Nd2 Rab8 35. Rb2 Qd8 36. Nh5 Ra8 37. b6 c6 38. g4 Qe7 39. Ng3 g6 40. Rf1 Kg7 
41. Qg2 Rf8 42. Rf2 Rac8 43. Rb1 Kh8 44. Rbf1 Ng5 45. Kh2 Nh7 46. Rg1 Ng5 
47. Rgf1 Qg7 48. Ne2 cxd5 49. exd5 h5 50. h4 Nh7 51. gxh5 Rg8 52. Qg3 Qh6 
53. Ne4 gxh5 54. Rxf6 Nxf6 55. Rxf6 Qg7 56. c5 dxc5 57. Qg5 Qxg5 58. hxg5 c4 
59. N2c3 Rb8 60. Rf7 Rg7 61. Rf2 Bg4 62. Kg2 Re7 63. d6 Rd7 64. Nd5 Kg7 
65. Ndf6 Rdd8 66. Nxg4 hxg4 67. Rf6 Rbc8 68. Ng3 c3 69. Nf5+ Kh8 70. Rh6+ Kg8 
71. Ne7+ Kg7 72. Nxc8 Rxc8 73. Rh1 Kg6 74. d7 Rd8 75. Rc1 Rxd7 76. Rxc3 Kxg5 
77. Rc7 Rd2+ 78. Kg3 Rd3 79. Kg2 Rxe3 80. Rxb7 Rb3 81. Rf7 Rb2+ 82. Kg3 Rb3+ 
83. Kg2 Rb2+ 84. Kg3 e4 85. Rg7+ Kf5 86. Rg8 Rb3+ 87. Kf2 e3+ 88. Ke2 Kf4 
89. Rf8+ Ke4 90. Re8+ Kd5 91. Rg8 Kd4 92. Rxg4+ Kc3 93. Kxe3 Rb5 94. Kf3 Rxa5 
1/2-1/2

[Event "Thursday 11 January Rapid Engine Tour 12+1 Rounds 9 Starts 1600 ST"]
[Site "Infinity Chess"]
[Date "2018.1.11"]
[Round "6"]
[White "MarioDeMonti"]
[Black "ocirema"]
[Result "1/2-1/2"]
[ECO "C50"]
[WhiteElo "2397"]
[BlackElo "2409"]
[WhiteEngine "stockfish_x64_bmi2_2018_01_01_CTG"]
[BlackEngine "stockfish_18010422_x64_modern_CTG"]
[EventType "Swiss"]
[WhiteTeam ""]
[BlackTeam ""]
[PlyCount "74"]
[TimeControl "720+1"]

1. e4 e5 2. Nf3 Nc6 3. Bc4 Bc5 4. O-O Nf6 5. d3 d6 6. c3 O-O 7. Bg5 h6 8. Bh4 a6 
9. Nbd2 Ba7 10. Bb3 g5 11. Bg3 Na5 12. Ba4 Nh5 13. b4 Nxg3 14. hxg3 Nc6 
15. Bxc6 bxc6 16. Nb3 Re8 17. Qd2 Bg4 18. d4 exd4 19. Nfxd4 Qd7 20. Rfe1 Bb6 
21. Nc2 Be6 22. Nbd4 c5 23. Nxe6 Rxe6 24. bxc5 Bxc5 25. Nd4 Re5 26. Re2 Rae8 
27. Rae1 Qg4 28. Qd3 d5 29. Qxa6 Rxe4 30. Rxe4 Rxe4 31. Rxe4 dxe4 32. Qa8+ Kh7 
33. Qd5 Qd1+ 34. Kh2 Qh5+ 35. Kg1 Qd1+ 36. Kh2 Qh5+ 37. Kg1 Qd1+ 1/2-1/2

[Event "Thursday 11 January Rapid Engine Tour 12+1 Rounds 9 Starts 1600 ST"]
[Site "Infinity Chess"]
[Date "2018.1.11"]
[Round "6"]
[White "Klaus"]
[Black "angriff"]
[Result "1/2-1/2"]
[ECO "B00"]
[WhiteElo "2421"]
[BlackElo "2410"]
[WhiteEngine "asmFishW_2017-11-19_bmi2_CTG"]
[BlackEngine "SF_64BIT_POPCNT_CTG"]
[EventType "Swiss"]
[WhiteTeam ""]
[BlackTeam ""]
[PlyCount "89"]
[TimeControl "720+1"]

1. e4 Nc6 2. d4 d5 3. e5 Bf5 4. c3 e6 5. Nd2 f6 6. f4 g5 7. Bb5 gxf4 
8. Bxc6+ bxc6 9. Ndf3 fxe5 10. dxe5 Ne7 11. Ne2 Ng6 12. O-O Bh6 13. Nfd4 Bg4 
14. h3 Bxe2 15. Qxe2 Qd7 16. Qh5 Bg7 17. Bxf4 O-O 18. Bg3 c5 19. Nf3 Rf5 
20. Ng5 Bxe5 21. Rxf5 exf5 22. Bxe5 Nxe5 23. Re1 Ng6 24. Nf3 d4 25. h4 dxc3 
26. bxc3 Re8 27. Rxe8+ Qxe8 28. Qxf5 Qe3+ 29. Kh2 Qf4+ 30. Qxf4 Nxf4 31. Ng5 c4 
32. g4 Nd5 33. Ne4 Kf7 34. a3 Ke6 35. Kg3 Ke5 36. Kf3 h6 37. a4 a5 38. g5 hxg5 
39. hxg5 Kf5 40. Nd2 Kxg5 41. Nxc4 Nxc3 42. Nxa5 Nxa4 43. Nc4 Kf6 44. Ke3 Ke6 
45. Kd3 1/2-1/2

[Event "Thursday 11 January Rapid Engine Tour 12+1 Rounds 9 Starts 1600 ST"]
[Site "Infinity Chess"]
[Date "2018.1.11"]
[Round "6"]
[White "KULLANI"]
[Black "NINJA_JENGKA"]
[Result "1/2-1/2"]
[ECO "B90"]
[WhiteElo "2422"]
[BlackElo "2415"]
[WhiteEngine "BrainFish_180106_x64_CTG"]
[BlackEngine "Houdini 6_CTG"]
[EventType "Swiss"]
[WhiteTeam ""]
[BlackTeam ""]
[PlyCount "181"]
[TimeControl "720+1"]

1. e4 c5 2. Nf3 d6 3. d4 cxd4 4. Nxd4 Nf6 5. Nc3 a6 6. Be3 e5 7. Nb3 Be7 
8. Be2 Be6 9. Qd3 O-O 10. O-O Nc6 11. a3 Rc8 12. Nd5 Nd7 13. Qd2 h6 14. Rad1 Bg5 
15. Bxg5 Qxg5 16. Qxg5 hxg5 17. h3 g6 18. Rd2 Kg7 19. Rfd1 Rfd8 20. Bg4 f5 
21. Bf3 Kf7 22. Ne3 f4 23. Nd5 b5 24. Bg4 Bxg4 25. hxg4 a5 26. Nc3 Nf6 
27. Nxb5 a4 28. Nxd6+ Rxd6 29. Rxd6 axb3 30. cxb3 Nd4 31. f3 Rc2 32. Kh1 Rxb2 
33. Rc1 Ke7 34. Ra6 Ne2 35. Ra7+ Kd6 36. Ra6+ Ke7 37. Ra7+ Kd6 38. Rd1+ Ke6 
39. Ra6+ Kf7 40. Rb6 Ng3+ 41. Kh2 Ngxe4 42. Rb7+ Ke8 43. Re1 Nf2 44. Rxe5+ Kd8 
45. Rxg5 Rb1 46. g3 N6xg4+ 47. Rxg4 Nxg4+ 48. fxg4 f3 49. Rf7 Rxb3 50. a4 Ra3 
51. g5 Rxa4 52. Kh3 f2 53. Rxf2 Ke7 54. Rf6 Rb4 55. Rxg6 Rb5 56. Kh4 Kf7 
57. Rf6+ Kg7 58. Kg4 Rb2 59. Kh3 Rb1 60. Re6 Rb2 61. Kg4 Kh7 62. Kf5 Rf2+ 
63. Kg4 Rb2 64. Rf6 Kg7 65. Rd6 Ra2 66. Rd8 Kg6 67. Rd6+ Kg7 68. Rd1 Kg6 
69. Rf1 Rb2 70. Rf8 Rb4+ 71. Rf4 Rb2 72. Rd4 Rb1 73. Rd6+ Kg7 74. Rd7+ Kg6 
75. Rd6+ Kg7 76. Rd7+ Kg6 77. Rd4 Rh1 78. Rd6+ Kg7 79. Rc6 Ra1 80. Rc8 Rg1 
81. Kf5 Rf1+ 82. Kg4 Rg1 83. Re8 Rd1 84. Re5 Ra1 85. Kf4 Rf1+ 86. Kg4 Ra1 
87. Re3 Kf7 88. Re4 Kg6 89. Re6+ Kg7 90. Re8 Rd1 91. Kh4 1/2-1/2

[Event "Thursday 11 January Rapid Engine Tour 12+1 Rounds 9 Starts 1600 ST"]
[Site "Infinity Chess"]
[Date "2018.1.11"]
[Round "6"]
[White "KillBill2017"]
[Black "IronMan"]
[Result "1/2-1/2"]
[ECO "C55"]
[WhiteElo "2422"]
[BlackElo "2417"]
[WhiteEngine "Raubfisch ME262_GTZ16b1._CTG"]
[BlackEngine "Stockfish SL FA PB BMI2"]
[EventType "Swiss"]
[WhiteTeam ""]
[BlackTeam ""]
[PlyCount "83"]
[TimeControl "720+1"]

1. e4 e5 2. Nf3 Nc6 3. Bc4 Nf6 4. d3 Bc5 5. O-O d6 6. c3 h6 7. Bb3 O-O 
8. Nbd2 a5 9. Re1 Be6 10. a4 Re8 11. Nc4 Qd7 12. Be3 Bxe3 13. Nxe3 b6 
14. Qc2 Bxb3 15. Qxb3 Ne7 16. g3 Qh3 17. Qc4 Ng6 18. Nd2 Rac8 19. f3 c6 
20. Rad1 h5 21. d4 exd4 22. cxd4 d5 23. Qf1 Qxf1+ 24. Kxf1 dxe4 25. Nec4 Red8 
26. Nxe4 Nd5 27. Nc3 Kf8 28. Nxd5 cxd5 29. Ne3 Rb8 30. Nf5 b5 31. axb5 Rxb5 
32. Re2 a4 33. Rc1 Rb6 34. Kf2 Rdb8 35. Rc7 Rxb2 36. Ra7 Rxe2+ 37. Kxe2 Rb2+ 
38. Ke3 Rb3+ 39. Kf2 Rb2+ 40. Ke3 Rb3+ 41. Kf2 Rb2+ 42. Ke3 1/2-1/2

[Event "Thursday 11 January Rapid Engine Tour 12+1 Rounds 9 Starts 1600 ST"]
[Site "Infinity Chess"]
[Date "2018.1.11"]
[Round "6"]
[White "Prometheus"]
[Black "hafaba"]
[Result "1/2-1/2"]
[ECO "A32"]
[WhiteElo "2429"]
[BlackElo "2442"]
[WhiteEngine "Eman 1.58-64bit-IDeA"]
[BlackEngine "Stockfish SL 07012018 POPCNT_CTG"]
[EventType "Swiss"]
[WhiteTeam ""]
[BlackTeam ""]
[PlyCount "89"]
[TimeControl "720+1"]

1. c4 c5 2. Nf3 Nf6 3. d4 cxd4 4. Nxd4 e6 5. Nc3 d5 6. cxd5 Nxd5 7. Bd2 Nf6 
8. Nb3 a5 9. Bf4 Nbd7 10. a3 e5 11. Bg5 Be7 12. e4 O-O 13. Bb5 Nc5 
14. Bxf6 Qxd1+ 15. Rxd1 gxf6 16. Nxc5 Bxc5 17. Nd5 f5 18. b4 axb4 19. axb4 Bd4 
20. exf5 Kg7 21. g4 Ra2 22. O-O h5 23. h3 Rb2 24. Rb1 Bxf2+ 25. Kg2 Rxb1 
26. Rxb1 Rd8 27. Kxf2 Rxd5 28. Be2 Bd7 29. Rc1 Bb5 30. Bxb5 Rxb5 31. Rc4 hxg4 
32. hxg4 Kf6 33. Ke2 Kg5 34. Kf3 b6 35. Rc7 Rxb4 36. Rxf7 Rf4+ 37. Ke2 Rxg4 
38. Kf3 Rb4 39. f6 Kg6 40. Rf8 Rf4+ 41. Ke3 Rxf6 42. Rd8 Kf5 43. Rd5 Rc6 
44. Rb5 Rd6 45. Rb4 1/2-1/2